 Dungeon Crawl Stone Soup version 0.30-a0-1157-g2cc9ac7196 (webtiles) character file.

Game seed: 20768098060081065

277 meatpath the Trooper (level 6, -5/49 HPs)
             Began as a Demonspawn Berserker on Apr 25, 2023.
             Was a Believer of Trog.
             Slain by Sigmund
             ... wielding a +0 scythe
              (8 damage)
             ... on level 3 of the Dungeon.
             The game lasted 00:05:35 (2072 turns).

meatpath the Trooper (Demonspawn Berserker)         Turns: 2072, Time: 00:05:35

Health: -5/49      AC: 10    Str: 20    XL:     6   Next: 4%
Magic:  6/6        EV: 11    Int:  8    God:    Trog [**....]
Gold:   97         SH:  0    Dex: 12    Spells: 5/5 levels left

rFire   . . .        a - +0 mace
rCold   . . .        (no shield)
rNeg    . . .        h - +0 ring mail
rPois   .            (no helmet)
rElec   .            (no cloak)
rCorr   .            i - +0 pair of gloves
SInv    .            (no boots)
Will    .....        (no amulet)
Stlth   +            d - +4 ring of protection
HPRegen 0.28/turn    (no ring)
MPRegen 0.10/turn

%: no passive effects
@: brilliant, on berserk cooldown
A: demonic guardian 1, demonic magic 1, demonic touch 1
a: Renounce Religion, Berserk, Trog's Hand


You were on level 3 of the Dungeon.
You worshipped Trog.
Trog was pleased with you.
You visited 1 branch of the dungeon, and saw 3 of its levels.

You collected 97 gold pieces.

Inventory:

Hand Weapons
 a - a +0 mace (weapon)
Armour
 h - a +0 ring mail (worn)
 i - a +0 pair of gloves (worn)
Jewellery
 b - a ring of fire
 d - a +4 ring of protection (left hand)
Wands
 f - a wand of flame (13)
Scrolls
 g - 3 scrolls of teleportation
 m - a scroll of blinking {unknown}
 n - a scroll of butterflies {unknown}
Potions
 c - a potion of lignification
 e - a potion of degeneration {unknown}
 j - a potion of resistance {unknown}
 k - a potion of brilliance
 l - a potion of berserk rage


   Skills:
 + Level 4.5 Fighting
 + Level 4.1 Maces & Flails
 + Level 3.6 Armour
 - Level 1.7 Dodging


You had 5 spell levels left.
You didn't know any spells.
Your spell library was empty.

Dungeon Overview and Level Annotations

Branches:
Dungeon (3/15)

Altars:
Fedhas

Shops:
D:2 [

Annotations:
D:3 Sigmund


Innate Abilities, Weirdness & Mutations

A weak demonic guardian rushes to your aid.
Spells you cast may paralyse adjacent enemies.
Your touch may inflict minor irresistible damage on your foes.


Message History

You completely miss something.
You feel less confused.
You hear some strange, mumbled words.
Something tries to affect you, but you resist.
You miss something. Your touch misses something.
You hear some strange, mumbled words.
Something tries to affect you, but you resist.
Something completely misses you.
You barely miss something. Your touch misses something.
You hear some strange, mumbled words.
A magic dart appears from out of thin air!
The magic dart hits you. Something hits you but does no damage.
You barely miss something. Your touch misses something.
Something hits you but does no damage.
You closely miss something. Something hits you!
You barely miss something.
You hear some strange, mumbled words.
A magic dart appears from out of thin air!
The magic dart hits you.
You sock something! Your touch misses something. Something hits you.
Something hits you but does no damage.
You hit something.
You touch something!
You hear some strange, mumbled words.
A puff of flame appears from out of thin air!
The puff of flame hits you but does no damage.
You hit something.
You feel yourself speed up. Something hits you.
* * * LOW HITPOINT WARNING * * *
You closely miss something. Something hits you!
* * * LOW HITPOINT WARNING * * *
A demonic guardian appears!
It was a potion of brilliance.
You feel clever all of a sudden. Something hits you.
* * * LOW HITPOINT WARNING * * *
It was a potion of berserk rage.
You're still recovering from your berserk rage.
Something hits you!
You die...

###
#.###########
#@{..........
#5###########
#.########
#........#
########.#
#.# #.# #.#
#.# # #.# #.#


You could see a friendly white imp (summoned).

Vanquished Creatures
  Natasha (thrice) (D:2)
  Ijyb (D:3)
  Terence (D:2)
  2 orc wizards (D:3)
  2 adders
  2 worms
  2 dart slugs
  3 orcs (D:3)
  4 ball pythons
  6 endoplasms
  2 giant cockroaches (D:3)
  5 goblins
  4 hobgoblins
  16 jackals
  3 quokkas
  5 bats
  A frilled lizard (D:2)
  2 kobolds (D:1)
  4 rats
68 creatures vanquished.

Notes
Turn   | Place    | Note
-------+----------+-------------------------------------------
     0 | D:1      | meatpath the Demonspawn Berserker began the quest for the
                  | Orb.
     0 | D:1      | Reached XP level 1. HP: 18/18 MP: 1/1
   151 | D:1      | Gained mutation: Spells you cast may paralyse adjacent
                  | enemies. [demonic ancestry]
   151 | D:1      | Reached XP level 2. HP: 15/24 MP: 2/2
   443 | D:1      | Gained mutation: Your touch may inflict minor irresistible
                  | damage on your foes. [demonic ancestry]
   443 | D:1      | Reached XP level 3. HP: 29/29 MP: 3/3
   868 | D:2      | Noticed Terence
   874 | D:2      | Killed Terence
   875 | D:2      | Reached XP level 4. HP: 37/37 MP: 4/4
   969 | D:2      | Noticed Natasha
   976 | D:2      | Killed Natasha
  1147 | D:2      | Noticed Natasha
  1156 | D:2      | Killed Natasha
  1225 | D:2      | Found a blossoming altar of Fedhas.
  1253 | D:2      | Reached ** piety under Trog
  1254 | D:2      | Reached XP level 5. HP: 42/42 MP: 5/5
  1286 | D:2      | Found Leghiwin's Antique Armour Emporium.
  1343 | D:2      | Noticed Natasha
  1348 | D:2      | Killed Natasha
  1446 | D:3      | Noticed Ijyb
  1462 | D:3      | Killed Ijyb
  1811 | D:3      | Gained mutation: A weak demonic guardian rushes to your
                  | aid. [demonic ancestry]
  1811 | D:3      | Reached XP level 6. HP: 49/49 MP: 6/6
  2037 | D:3      | Noticed Sigmund
  2072 | D:3      | Slain by Sigmund

Illustrated notes

Levels and vault maps discovered:
D:1:      dpeg_arrival_renting, layout_rooms, minmay_misc_feat_diagonals
D:2:      layout_basic, basic_altar, serial_shops, nicolae_shop_back_alley_shop,
          uniq_natasha, uniq_terence
D:3:      layout_basic, minmay_fountain_box, uniq_sigmund, uniq_ijyb

Skill      XL: |  1  2  3  4  5 |
---------------+----------------+-----
Armour         | 2 3 |  3.6
Maces & Flails | 3 4 |  4.1
Fighting       | 4 |  4.5
Dodging        | |  1.7

Action                     |  1- 3 |  4- 6 || total
---------------------------+-------+-------++-------
  Melee: Mace              |    91 |   115 ||   206
         Touch             |     4 |    19 ||    23
         Punch             |       |     1 ||     1
 Invoke: Berserk           |     3 |     3 ||     6
    Use: Scroll            |     1 |     1 ||     2
         Potion            |       |     2 ||     2
 Armour: Animal skin       |    27 |       ||    27
         Ring mail         |    15 |    57 ||    72
  Dodge: Dodged            |    98 |    51 ||   149

Table legend: (Time is in decaauts)
 A = Elapsed time spent in this place.
 B = Non-inter-level travel time spent in this place.
 C = Inter-level travel time spent in this place.
 D = Time resting spent in this place.
 E = Time spent auto-exploring this place.
 F = Levels seen in this place.
 G = Mean time per level.
                   A        B        C        D        E       F      G
               +--------+--------+--------+--------+--------+-----+--------+
         Total |   2174 |   2106 |     68 |    389 |   1101 |   3 |  724.7 |
       Dungeon |   2174 |   2106 |     68 |    389 |   1101 |   3 |  724.7 |
               +--------+--------+--------+--------+--------+-----+--------+

Top non-repeatable levels by time:
     D:2: 744 daAuts
     D:3: 729 daAuts
     D:1: 700 daAuts
